AoeStats
← BarroZo

Black Forest

513662930Analyzed
4v4 RM · 4d ago on Oct 14, 2026· 35m 16s· 8 players
Game mode
Random Map
Map size
Large (8 player)
Population
200
Speed
Normal
Resources
Standard
Victory
Conquest
Starting age
Dark Age
Ending age
Imperial Age
RankedLock teamsTeams togetherTeam positionsShared explorationLock speedFull tech treeHidden civsTurbo modeCheats
Victory
Defeat
🇫🇷 Britons · France
852
+14
🇹🇷 Bohemians · Türkiye
819
+15
🇮🇪 Romans · Ireland
751
+18
🇨🇱 Mongols · Chile
728
+19
vs
🇵🇹 Spanish · Portugal
919
-21
🇧🇴 Romans · Bolivia
857
-19
🇺🇸 Persians · United States
830
-18
🇮🇹 Franks · Italy
587
-8
DvDCover1028
14:14 Feudal Age
15:31 Wheelbarrow
14:45 Town Watch
14:58 Gold Mining
14:52 Horse Collar
16:30 Double-Bit Axe
17:09 Man-at-Arms
18:04 Forging
21:00 Castle Age
22:09 Bow Saw
22:17 Hand Cart
24:02 Gold Shaft Mining
28:05 Long Swordsman
29:40 Heavy Plow
32:53 Imperial Age
31:27 Iron Casting
32:09 Squires
32:13 Scale Mail Armor
33:04 Onager
Amarohd2k
9:08 Loom
11:43 Feudal Age
12:22 Double-Bit Axe
12:19 Horse Collar
14:54 Man-at-Arms
18:26 Forging
18:30 Scale Barding Armor
20:55 Castle Age
23:03 Gold Mining
25:11 Heavy Plow
25:26 Bow Saw
27:11 Town Watch
28:03 Wheelbarrow
29:17 Town Patrol
29:36 Hand Cart
30:47 Iron Casting
30:18 Scale Barding Armor
33:41 Gold Shaft Mining
Arno l'architecte
0:40 Loom
16:41 Feudal Age
23:26 Castle Age
21:39 Horse Collar
21:45 Double-Bit Axe
22:11 Stone Mining
22:30 Gold Mining
28:00 Heavy Plow
28:14 Bow Saw
32:14 Wheelbarrow
33:48 Hand Cart
38:10 Imperial Age
FthFth
2:07 Loom
14:59 Feudal Age
17:02 Double-Bit Axe
19:25 Castle Age
17:39 Horse Collar
19:18 Forging
20:58 Bow Saw
27:09 Chemistry
26:51 Pikeman
29:50 Ballistics
29:27 Murder Holes
30:16 Wheelbarrow
29:26 Town Watch
30:38 Wagenburg Tactics
34:02 Imperial Age
31:38 Heavy Plow
31:31 Fletching
33:00 Hand Cart
.:sTeeL:.
0:56 Loom
BarroZo
0:30 Loom
OLOPACIO
11:24 Feudal Age
12:20 Double-Bit Axe
12:46 Horse Collar
19:47 Castle Age
19:53 Gold Mining
20:55 Bow Saw
22:04 Heavy Plow
22:46 Wheelbarrow
24:56 Caravan
27:52 Hand Cart
30:22 Imperial Age
30:02 Gold Shaft Mining
29:21 Stone Mining
30:07 Gold Shaft Mining
29:17 Man-at-Arms
29:59 Squires
29:59 Long Swordsman
34:18 Hand Cart
Devislesick
0:29 Loom
16:44 Feudal Age
22:21 Castle Age
22:37 Man-at-Arms
23:32 Forging
23:23 Scale Mail Armor
23:47 Long Swordsman
28:30 Iron Casting
Connection lost

Rejoining the realm…

Still unreachable

The connection could not be restored.

Session expired

The server has moved on; the page needs a fresh start.